 Dungeon Crawl Stone Soup version 0.31.0-12-g77e489cdc1 (webtiles) character file.

Game seed: 6566989437219454155

449 Silversnout the Magician (level 7, -6/61 HPs)
             Began as an Oni Fire Elementalist on Mar 3, 2024.
             Was an Initiate of Vehumet.
             Mangled by an iguana (9 damage)
             ... on level 4 of the Dungeon.
             The game lasted 00:12:18 (4310 turns).

Silversnout the Magician (Oni Fire Elementalist)    Turns: 4310, Time: 00:12:18

Health: -6/61      AC:  4    Str: 13    XL:     7   Next: 4%
Magic:  0/14       EV: 10    Int: 18    God:    Vehumet [......]
Gold:   170        SH:  0    Dex:  9    Spells: 10/16 levels left

rFire   + . .        r - +0 flail (protect)
rCold   x . .        (no shield)
rNeg    . . .        a - +0 robe
rPois   .            (helmet restricted)
rElec   .            l - +0 cloak
rCorr   .            (gloves unavailable)
SInv    .            (boots unavailable)
Will    .....        (no amulet)
Stlth   ++           f - ring of fire
HPRegen 0.30/turn    (no ring)
MPRegen 0.14/turn

%: no passive effects
@: no status effects
A: large, unfitting armour, horns 1, tough skin 1, double potion healing,
drunken brawling
a: Renounce Religion


You were on level 4 of the Dungeon.
You worshipped Vehumet.
Vehumet was noncommittal.
You visited 1 branch of the dungeon, and saw 4 of its levels.

You collected 170 gold pieces.

Inventory:

Hand Weapons
 g - a +0 long sword
 r - a +0 flail of protection (weapon)
Armour
 a - a +0 robe (worn)
 j - a scarf of shadows
 l - a +0 cloak (worn)
Jewellery
 f - a ring of fire (left hand)
 s - a ring of resist corrosion
Scrolls
 c - 2 scrolls of enchant armour {unknown}
 d - 2 scrolls of silence {unknown}
 e - 4 scrolls of fog {unknown}
 h - a scroll of enchant weapon {unknown}
 k - a scroll of fear {unknown}
 m - 5 scrolls of teleportation {unknown}
 n - 2 scrolls of identify {unknown}
 o - 2 scrolls of amnesia {unknown}
 p - a scroll of blinking {unknown}
Potions
 b - 2 potions of magic
 i - a potion of curing {unknown}
 q - 2 potions of degeneration {unknown}
 t - a potion of might {unknown}


   Skills:
 + Level 0.6 Fighting
 + Level 2.3 Dodging
 + Level 2.2 Stealth
 + Level 5.0 Spellcasting
 + Level 3.1 Conjurations
 + Level 4.1 Fire Magic


You had 10 spell levels left.
You knew the following spells:

 Your Spells              Type           Power      Damage    Failure   Level
a - Foxfire               Conj/Fire      100%       2x1d9     3%          1
b - Scorch                Fire           58%        2d7       3%          2
c - Volatile Blastmotes   Fire/Tloc      36%        2d13      17%         3

Your spell library contained the following spells:

 Spells                   Type           Power      Damage    Failure   Level
 Inner Flame              Hex/Fire       18%        N/A       17%         3
 Flame Wave               Conj/Fire      26%        2d8       28%         4
 Summon Cactus Giant      Summ           2%         N/A       100%        6


Dungeon Overview and Level Annotations

Branches:
Dungeon (4/15)
 Temple: D:4-7

Altars:
Ashenzari
Kikubaaqudgha
Vehumet

Shops:
D:2 (


Innate Abilities, Weirdness & Mutations

You are too large for most types of armour.
You have a pair of small horns on your head.
You have tough skin. (AC +1)
You gain doubled healing and magic from potions.
Whenever you drink a healing potion, you attack all around you.


Message History

The magic dart hits you. The iguana bites you.
The foxfire hits the iguana but does no damage.
The iguana is moderately wounded.
The foxfire hits something.
You hear some strange, mumbled words.
A magic dart appears from out of thin air!
The magic dart hits you! The iguana bites you!
Casting: Foxfire (safe; 3% risk of failure)
Confirm with . or Enter, or press ? or * to list all spells.
You feel a surge of power!
Flames lash the iguana.
The iguana is moderately wounded.
The iguana's fire resistance burns away.
The iguana barely misses you.
Casting: Scorch (safe; 3% risk of failure)
Confirm with . or Enter, or press ? or * to list all spells.
You feel a surge of power!
You conjure some foxfire!
The iguana barely misses you.
Casting: Foxfire (safe; 3% risk of failure)
Confirm with . or Enter, or press ? or * to list all spells.
You feel a surge of power!
Flames lash the iguana.
The iguana is burned terribly!
The iguana is almost dead.
The foxfire hits the orc.
The orc is severely wounded.
The foxfire hits the orc.
The orc is almost dead.
The iguana bites you!
* * * LOW HITPOINT WARNING * * *
Casting: Scorch (safe; 3% risk of failure)
Confirm with . or Enter, or press ? or * to list all spells.
You feel a surge of power!
Flames lash the orc.
You kill the orc!
Vehumet accepts your kill. The iguana bites you!
* * * LOW HITPOINT WARNING * * *
You barely miss the iguana.
You headbutt the iguana, but do no damage.
The iguana is almost dead.
The iguana bites you!
You die...

.... ..#..# ....## .....#.
..... ....... ... .....
..... .... #... ....
....###.####o.#
...........@#)# #. #.
...........)l.# #.###.
....).....#...####.....
.....†....##...#......# ..
#........####.........####.#
#........#.#..###........#.#
....<..........##..........#
#...........>.##.........#
##....#......###.........##


You could see an iguana (combustible).

Vanquished Creatures
  An ogre (D:4)
  2 orc priests
  Crazy Yiuf (D:2)
  2 iguanas (D:4)
  3 orc wizards (D:4)
  An adder (D:2)
  4 gnolls (D:2)
  A dart slug (D:3)
  4 ribbon worms
  10 orcs
  6 endoplasms
  2 giant cockroaches
  13 goblins
  10 hobgoblins
  4 jackals (D:1)
  3 quokkas
  11 ball pythons
  4 bats
  2 frilled lizards
  6 kobolds
  3 rats
93 creatures vanquished.

Vanquished Creatures (others)
  271 foxfires
271 creatures vanquished.

Grand Total: 364 creatures vanquished

Notes
Turn   | Place    | Note
-------+----------+-------------------------------------------
     0 | D:1      | Silversnout the Oni Fire Elementalist began the quest for
                  | the Orb.
     0 | D:1      | Reached XP level 1. HP: 16/16 MP: 3/3
   588 | D:1      | Reached XP level 2. HP: 24/24 MP: 2/5
  1097 | D:1      | Reached skill level 3 in Spellcasting
  1515 | D:2      | Reached XP level 3. HP: 31/31 MP: 4/7
  1685 | D:2      | Reached skill level 1 in Conjurations
  1917 | D:2      | Found Kiejeatz's Weapon Shoppe.
  2075 | D:2      | Reached XP level 4. HP: 40/40 MP: 6/9
  2199 | D:2      | Learned a level 2 spell: Scorch
  2203 | D:2      | Learned a level 3 spell: Volatile Blastmotes
  2285 | D:2      | Found a runed translucent door.
  2286 | D:2      | Noticed Crazy Yiuf
  2303 | D:2      | Killed Crazy Yiuf
  2304 | D:2      | Reached XP level 5. HP: 21/46 MP: 6/10
  2467 | D:2      | Found an ancient bone altar of Kikubaaqudgha.
  2658 | D:3      | Found a faded altar of an unknown god.
  2893 | D:3      | Reached skill level 4 in Spellcasting
  3076 | D:3      | Found a broken altar of Ashenzari.
  3831 | D:4      | Reached XP level 6. HP: 30/54 MP: 6/12
  4056 | D:4      | Found a radiant altar of Vehumet.
  4060 | D:4      | Became a worshipper of Vehumet
  4212 | D:4      | Reached skill level 5 in Spellcasting
  4298 | D:4      | Reached XP level 7. HP: 61/61 MP: 10/14
  4309 | D:4      | HP: 2/61 [iguana (10)]
  4310 | D:4      | Mangled by an iguana

Illustrated notes

Levels and vault maps discovered:
D:1:      zelgadis_glass_arrival_small, layout_basic
D:2:      layout_basic, basic_altar, serial_shops, nicolae_shop_crystal,
          grunt_ministairs_15, uniq_crazy_yiuf_cottage
D:3:      layout_basic, evilmike_ruin_ashenzari,
          hellmonk_ecumenical_altar_pennies_from_heaven, minmay_goblin_outpost
D:4:      layout_cave_pools, mainiacjoe_overflow_24_doors

Skill      XL: |  1  2  3  4  5  6 |
---------------+-------------------+-----
Fire Magic     | 3 4 |  4.1
Spellcasting   | 3 4 5 |  5.0
Conjurations   | 1 2 3 |  3.1
Dodging        | 2 |  2.3
Stealth        | 2 |  2.2
Fighting       | |  0.6

Action                     |  1- 3 |  4- 6 |  7- 9 || total
---------------------------+-------+-------+-------++-------
  Melee: Long sword        |    11 |     8 |       ||    19
         Flail             |       |     7 |     1 ||     8
         Headbutt          |       |     2 |     1 ||     3
         Punch             |       |     1 |       ||     1
   Cast: Foxfire           |    69 |    92 |     6 ||   167
         Scorch            |       |       |     3 ||     3
 Armour: Robe              |    18 |    11 |     8 ||    37
  Dodge: Dodged            |    12 |    10 |     2 ||    24
